 Dungeon Crawl Stone Soup version 0.29.0-7-g18a832c13a (console) character file.

Game seed: 4193378134943467750

19 twiggosan the Caller (level 2, -5/11 HPs)
             Began as a Felid Summoner on Aug 30, 2022.
             Slain by a hobgoblin
             ... wielding a +0 hand axe
              (9 damage)
             ... on level 2 of the Dungeon on Sept 1, 2022.
             The game lasted 00:19:37 (1338 turns).

twiggosan the Caller (Felid Summoner)               Turns: 1338, Time: 00:19:38

Health: -5/11      AC:  1    Str:  4    XL:     2   Next: 55%
Magic:  4/6        EV: 17    Int: 16    God:
Gold:   28         SH:  0    Dex: 16    Spells: 5/6 levels left
                                        Lives:  0   Deaths: 0

rFire   . . .      SeeInvis +   (weapon unavailable)
rCold   . . .      Faith    .   (shield unavailable)
rNeg    . . .      Spirit   .   (body armour unavailable)
rPois   .          Reflect  .   (helmet unavailable)
rElec   .          Harm     .   (cloak unavailable)
rCorr   .          Rampage  .   (gloves unavailable)
Will    .....                   (boots unavailable)
Stlth   ++........              (no amulet)
HPRegen 0.03/turn               (no ring)
MPRegen 0.10/turn               (no ring)

@: quick
A: very small, claws 1, fangs 3, see invisible, speed 1, shaggy fur 1, stealthy
paws, no weapons or thrown items, no armour, multi-lived
a: no special abilities


You were on level 2 of the Dungeon.
You visited 1 branch of the dungeon, and saw 2 of its levels.

You collected 28 gold pieces.

Inventory:

Jewellery
 b - an amulet of faith
 e - a +6 ring of strength
Scrolls
 d - a scroll of noise {unknown}
 g - a scroll of identify {unknown}
Potions
 a - a potion of magic
 c - a potion of invisibility {unknown}
 f - a potion of brilliance {unknown}


   Skills:
 - Level 2.6 Dodging
 - Level 2.6 Stealth
 + Level 2.5 Spellcasting
 + Level 4.3 Summonings


You had 5 spell levels left.
You knew the following spells:

 Your Spells              Type           Power      Damage    Failure   Level
a - Summon Small Mammal   Summ           64%        N/A       3%          1

Your spell library contained the following spells:

 Spells                   Type           Power      Damage    Failure   Level
 Call Imp                 Summ           16%        N/A       4%          2
 Call Canine Familiar     Summ           16%        N/A       10%         3
 Apportation              Tloc           4%         N/A       21%         1
 Summon Guardian Golem    Hex/Summ       9%         N/A       24%         3
 Summon Lightning Spire   Summ/Air       9%         N/A       61%         4
 Alistair's Intoxication  Tmut/Pois      1%         N/A       99%         5


Dungeon Overview and Level Annotations

Branches:
Dungeon (2/15)

Altars:


Innate Abilities, Weirdness & Mutations

You have sharp claws.
You have razor-sharp teeth.
You have supernaturally acute eyesight. (SInv)
You cover ground quickly. (Speed+)
You are covered in fur. (AC +1)
Your paws help you pounce on unaware monsters.
You are incapable of wielding weapons or throwing items.
You cannot wear armour.
You gain extra lives every three experience levels.


Message History

The floor.
You start waiting.
A nearby plant withers and dies.
You start waiting.
A hobgoblin comes into view. It is wielding a +0 hand axe.
The hobgoblin shouts!
The hobgoblin drinks a potion.
The hobgoblin seems to speed up.
Your rat completely misses the bush.
Your rat bites the bush but does no damage.
Your rat bites the bush but does no damage.
The hobgoblin barely misses your bat.
Your bat closely misses the hobgoblin.
The hobgoblin hits your bat but does no damage.
Your rat bites the bush but does no damage.
Your bat barely misses the hobgoblin.
Your bat hits the hobgoblin but does no damage.
Your rat bites the bush but does no damage.
The hobgoblin hits your bat with a +0 hand axe.
Your bat dies!
Your bat's corpse disappears in a puff of smoke!
Your rat bites the bush but does no damage.
Your rat bites the bush but does no damage.
You scratch the hobgoblin but do no damage.
The hobgoblin completely misses you.
The hobgoblin hits you with a +0 hand axe.
Your rat bites the bush but does no damage.
You barely miss the hobgoblin. The hobgoblin barely misses you.
Your rat bites the bush but does no damage.
You closely miss the hobgoblin. The hobgoblin misses you.
The hobgoblin hits you with a +0 hand axe.
Your rat bites the bush.
The hobgoblin hits you with a +0 hand axe.
The hobgoblin hits your rat with a +0 hand axe.
Your rat dies!
Your rat's corpse disappears in a puff of smoke!
Your rat bites the bush but does no damage.
You are too injured to fight recklessly!
You scratch the hobgoblin.
The hobgoblin is moderately wounded.
The hobgoblin hits you with a +0 hand axe!
Ouch! That really hurt!
You die...

....## #........##.<...# ##
.....## ##........##.#.#.## ##.
......####........###.#.gr.####..
......'.......................+..
......####...##.#####.#....####..
.....## ##.###.# #.....## ##.
....## ######..# #####.# ## ...##
##.###..r## #.# # #'##
##...#..♣PP# #.# #.# #......♣♣♣@#
#<# ### #.# ##....P.♣Pg#
#†#####.. #.## ##..#.P♣.P#
#.......# ...## #..##.P.##
#######.. ....# #......## ###
...######.###### # ..........#
#.######### #.# #.#


You could see a hobgoblin (fast, ally target) and a friendly rat (summoned).

Vanquished Creatures
  A bat (D:2)
1 creature vanquished.

Vanquished Creatures (collateral kills)
  2 worms (D:2)
  2 endoplasms (D:2)
  A goblin (D:2)
  2 quokkas (D:2)
  2 bats (D:2)
  2 frilled lizards (D:2)
  2 rats (D:2)
13 creatures vanquished.

Vanquished Creatures (others)
  4 plants (D:2)
4 creatures vanquished.

Grand Total: 18 creatures vanquished

Notes
Turn   | Place    | Note
-------+----------+-------------------------------------------
     0 | D:1      | twiggosan the Felid Summoner began the quest for the Orb.
     0 | D:1      | Reached XP level 1. HP: 7/7 MP: 4/4
     6 | D:1      | Noticed a tengu
     6 | D:1      | Noticed a barachi
    25 | D:1      | Noticed a ghoul
    26 | D:1      | Noticed a merfolk
    27 | D:1      | Noticed a minotaur
    27 | D:1      | You fall into a shaft and drop 1 floor!
   277 | D:2      | Reached XP level 2. HP: 9/11 MP: 0/6
  1338 | D:2      | Slain by a hobgoblin

Illustrated notes

Levels and vault maps discovered:
D:1:      shiori_arrival_whats_in_store_for_you, layout_basic,
          serial_bayou_pond_a
D:2:      layout_loops_corners, serial_forest, infiniplex_forest_clump_small,
          infiniplex_forest_straight_2, infiniplex_forest_side_room,
          infiniplex_forest_corner_1, infiniplex_forest_clump_long,
          infiniplex_forest_zigzag_1, infiniplex_forest_straight_2

Action                   || total
-------------------------++-------
Melee: Unarmed           ||    14
 Cast: Summon Small Mamm ||    42
Dodge: Dodged            ||    22
